 Dungeon Crawl Stone Soup version 0.30-a0-627-gc11e7ae810 (webtiles) character file.

Game seed: 17734612306148231212

102 Delarado the Ruffian (level 4, 0/31 HPs)
             Began as an Octopode Fighter on Jan 12, 2023.
             Slain by a gnoll
             ... wielding a +0 club
              (7 damage)
             ... on level 2 of the Dungeon.
             The game lasted 00:07:13 (1877 turns).

Delarado the Ruffian (Octopode Fighter)             Turns: 1877, Time: 00:07:13

Health: 0/31       AC:  1    Str: 15    XL:     4   Next: 77%
Magic:  4/4        EV: 18    Int: 12    God:
Gold:   172        SH:  4    Dex: 11    Spells: 3/3 levels left

rFire   . . .      SeeInvis .      - Unarmed
rCold   . . .      Faith    .    a - +0 buckler
rNeg    . . .      Spirit   .    (helmet restricted)
rPois   .          Reflect  .    (no amulet)
rElec   .          Harm     .    q - +5 ring of evasion
rCorr   .          Rampage  .    (no ring)
Will    .....                    (no ring)
Stlth   +++                      (no ring)
HPRegen 0.25/turn                (no ring)
MPRegen 0.09/turn                (no ring)
                                 (no ring)
                                 (no ring)

@: no status effects
A: almost no armour, amphibious, 8 rings, camouflage 1, gelatinous body 1,
(nimble swimmer 1), tentacles
a: no special abilities


You were on level 2 of the Dungeon.
You visited 1 branch of the dungeon, and saw 3 of its levels.

You collected 172 gold pieces.

Inventory:

Missiles
 l - 21 stones (quivered)
Armour
 a - a +0 buckler (worn)
Magical Staves
 j - a staff of death
Jewellery
 q - a +5 ring of evasion (left tentacle)
Scrolls
 d - 4 scrolls of immolation {unknown}
 f - a scroll of blinking {unknown}
 h - a scroll of teleportation
 i - 2 scrolls of poison {unknown}
 n - a scroll of vulnerability {unknown}
 o - a scroll of identify
 p - a scroll of enchant weapon {unknown}
Potions
 b - a potion of might
 c - a potion of degeneration
 e - 3 potions of heal wounds
 g - a potion of attraction {unknown}
 k - 2 potions of brilliance {unknown}
 m - a potion of curing {unknown}


   Skills:
 - Level 3.0 Fighting
 - Level 3.0 Dodging
 + Level 2.3 Stealth
 - Level 3.0 Shields
 * Level 4.4 Unarmed Combat


You had 3 spell levels left.
You didn't know any spells.
Your spell library contained the following spells:

 Spells                   Type           Power      Damage    Failure   Level
 Magic Dart               Conj           0%         1d3       41%         1
 Searing Ray              Conj           0%         2d4       54%         2
 Fulminant Prism          Conj/Hex       0%         3d5       99%         4


Dungeon Overview and Level Annotations

Branches:
Dungeon (3/15)

Altars:

Annotations:
D:2 Sigmund


Innate Abilities, Weirdness & Mutations

You cannot wear most types of armour.
You are amphibious.
You can wear up to eight rings at the same time.
Your skin changes colour to match your surroundings (Stealth+).
Your rubbery body absorbs attacks. (AC +1, EV +1)
((You are camouflaged when in or above water. (Stealth+)))
You have tentacles for arms and can constrict up to eight enemies at once.


Message History

The worm is severely wounded.
You constrict the worm. The worm misses you.
You tentacle-slap the worm.
You kill the worm!
No target in view!
q - a +5 ring of evasion
q - a +5 ring of evasion (left tentacle)
You start resting.
HP restored.
There is an open door here.
There is a stone staircase leading down here.
You climb downwards.
Found 8 stones.
There is a stone staircase leading up here.
Throw: 22 stones
Press: ? - help, Q - select action Shift-Dir - straight line, f - gnoll
Aim: a gnoll, wielding a +0 flail (asleep, 98% to hit)
You throw a stone. The stone completely misses the gnoll.
The gnoll shouts! x2
A dart slug comes into view.
The gnoll hits you with a +0 club.
You climb upwards.
Level annotation: Sigmund
There is a stone staircase leading down here.
You tentacle-slap the gnoll but do no damage.
You grab the gnoll. You constrict the gnoll. The gnoll barely misses you.
You block the gnoll's attack.
You release your grip on the gnoll.
The gnoll attacks as you move away! The gnoll hits you with a +0 club.
The gnoll attacks as you move away! The gnoll hits you with a +0 flail!
The gnoll attacks as you move away! The gnoll completely misses you.
The gnoll closely misses you. The gnoll attacks as you move away!
You block the gnoll's attack. The gnoll attacks as you move away!
The gnoll hits you with a +0 flail.
* * * LOW HITPOINT WARNING * * *
The gnoll attacks as you move away! The gnoll misses you.
The gnoll attacks as you move away! The gnoll completely misses you.
There is an open door here.
The gnoll attacks as you move away! The gnoll hits you with a +0 club!
You die...

# #.# ##.## #.#
.##.#####.# #.#
.##......†# #.#
.########'## #.# ####.#
##...## ##.# ####....
##.....## #... ......†##
##...>...#####..#
#....####g...............
#.......@g...............
#....####..........###...
#....# ##.......#.###..#
##..## ##.....##.......
#..# ##...########## #..#
##'## # ...# #.# # ###.#
#.# # ... ##.## #


You could see 2 gnolls.

Vanquished Creatures
  Terence (D:2)
  A gnoll (D:1)
  2 worms (D:2)
  A dart slug (D:2)
  5 bats
  An endoplasm (D:1)
  3 giant cockroaches
  5 goblins
  6 hobgoblins
  3 jackals (D:1)
  7 kobolds
  2 quokkas (D:2)
  11 ball pythons
  3 frilled lizards (D:1)
  4 rats
55 creatures vanquished.

Notes
Turn   | Place    | Note
-------+----------+-------------------------------------------
     0 | D:1      | Delarado the Octopode Fighter began the quest for the Orb.
     0 | D:1      | Reached XP level 1. HP: 16/16 MP: 1/1
   140 | D:1      | Reached XP level 2. HP: 21/21 MP: 2/2
   225 | D:1      | Reached skill level 1 in Stealth
   225 | D:1      | Reached skill level 3 in Unarmed Combat
   268 | D:1      | Reached XP level 3. HP: 26/26 MP: 3/3
  1239 | D:2      | Noticed Sigmund
  1308 | D:2      | Noticed Terence
  1317 | D:2      | Killed Terence
  1318 | D:2      | Reached skill level 4 in Unarmed Combat
  1318 | D:2      | Reached XP level 4. HP: 15/31 MP: 4/4
  1877 | D:2      | Slain by a gnoll

Illustrated notes

Levels and vault maps discovered:
D:1:      sevenhm_arrival_forest_fort_small_3, layout_basic,
          hangedman_abyss_or_decor_stabs, hangedman_glass_teeth
D:2:      layout_loops_corners, kennysheep_potato, uniq_terence, uniq_sigmund
D:3:      layout_basic, nicolae_overflow_squiral,
          hellmonk_ecumenical_altar_arch_garden

Skill      XL: |  1  2  3 |
---------------+----------+-----
Stealth        | 1 2 |  2.3
Unarmed Combat | 3 4 |  4.4
Fighting       | |  3.0
Dodging        | |  3.0
Shields        | |  3.0

Action                   |  1- 3 |  4- 6 || total
-------------------------+-------+-------++-------
Melee: Unarmed           |    97 |    25 ||   122
       Constrict         |    29 |     8 ||    37
       Tentacles         |    22 |     4 ||    26
       Punch             |       |     1 ||     1
Throw: Stone             |     2 |     2 ||     4
  Use: Scroll            |     3 |       ||     3
 Stab: Sleeping          |     4 |     3 ||     7
Armor: Skin              |     5 |     2 ||     7
Dodge: Dodged            |    58 |    14 ||    72
Block: Buckler           |    12 |     5 ||    17

Table legend: (Time is in decaauts)
 A = Elapsed time spent in this place.
 B = Non-inter-level travel time spent in this place.
 C = Inter-level travel time spent in this place.
 D = Time resting spent in this place.
 E = Time spent auto-exploring this place.
 F = Levels seen in this place.
 G = Mean time per level.
                   A        B        C        D        E       F      G
               +--------+--------+--------+--------+--------+-----+--------+
         Total |   1875 |   1720 |    155 |    216 |    998 |   3 |  625.0 |
       Dungeon |   1875 |   1720 |    155 |    216 |    998 |   3 |  625.0 |
               +--------+--------+--------+--------+--------+-----+--------+

Top non-repeatable levels by time:
     D:1: 1159 daAuts
     D:2: 710 daAuts
     D:3: 5 daAuts
